 Dungeon Crawl Stone Soup version 0.31-a0-196-g86fe4a5e66 (webtiles) character file.

Game seed: 9823875781099228841

29486 innerfire43 the Severer (level 13, -4/98 HPs)
             Began as a Demonspawn Monk on June 24, 2023.
             Was the Champion of Wu Jian.
             Slain by Jorgrun
             ... wielding a +0 heavy quarterstaff
              (13 damage)
             ... on level 13 of the Dungeon.
             The game lasted 00:20:07 (11036 turns).

innerfire43 the Severer (Demonspawn Monk)          Turns: 11036, Time: 00:20:08

Health: -4/98      AC: 26    Str: 14    XL:     13   Next: 15%
Magic:  13/13      EV: 19    Int: 20    God:    Wu Jian [******]
Gold:   1039       SH:  0    Dex: 31    Spells: 12/12 levels left

rFire   . . .        g - +10 battleaxe of Fixation {vamp, rC- Int+8 Dex+5}
rCold   x . .        (shield currently unavailable)
rNeg    . . .        p - +4 chain mail
rPois   .            h - +0 helmet
rElec   +            K - +2 cloak
rCorr   .            a - +0 pair of gloves
SInv    .            C - +1 pair of boots of Minor Irritation {rElec}
Will    .....        j - amulet of regeneration Stlth
                     L - +5 ring of evasion
HPRegen 1.16/turn    I - +6 ring of dexterity
MPRegen 0.13/turn

%: no passive effects
@: agile, grasped by roots, constricted
A: thin metallic scales 3, powered by pain 2, demonic magic 1, demonic touch 2,
agile 1, evolution 1
a: Renounce Religion, Wall Jump, Serpent's Lash, Heavenly Storm


You were on level 13 of the Dungeon.
You worshipped Wu Jian.
Wu Jian was exalted by your worship.
You visited 1 branch of the dungeon, and saw 13 of its levels.
You also visited: Sewer and Ossuary.

You collected 1039 gold pieces.

Inventory:

Hand Weapons
 g - the +10 battleaxe of Fixation (weapon) {vamp, rC- Int+8 Dex+5}
   (You acquired it on level 4 of the Dungeon)

   Int:       It affects your intelligence (+8).
   Dex:       It affects your dexterity (+5).
   rC:        It makes you vulnerable to cold.
Missiles
 O - 2 throwing nets
Armour
 a - a +0 pair of gloves (worn)
 d - an orb of light
 h - a +0 helmet (worn)
 p - a +4 chain mail (worn)
 C - the +1 pair of boots of Minor Irritation (worn) {rElec}
   (You acquired it on level 4 of the Dungeon)

   rElec:     It insulates you from electricity.
 E - a +2 ring mail of cold resistance
 K - a +2 cloak (worn)
 P - a +2 leather armour of fire resistance
Jewellery
 b - a ring of protection from cold
 j - an amulet of regeneration (around neck)
 k - a ring of resist corrosion
 l - a ring of see invisible
 G - an amulet of reflection
 I - a +6 ring of dexterity (right hand)
 L - a +5 ring of evasion (left hand)
 M - a +4 ring of protection
 Y - a ring of flight
Wands
 A - a wand of paralysis (12)
 H - a wand of roots (19)
 J - a wand of light (14)
 X - a wand of flame (34)
Scrolls
 f - a scroll of silence
 m - a scroll of poison {unknown}
 s - 3 scrolls of fear
 u - 3 scrolls of fog
 v - 3 scrolls of blinking
 w - 2 scrolls of revelation
 x - 2 scrolls of brand weapon
 F - 4 scrolls of identify
 Q - 2 scrolls of teleportation
 T - a scroll of enchant weapon {unknown}
Potions
 e - a potion of brilliance {unknown}
 i - 10 potions of curing
 n - a potion of berserk rage {unknown}
 o - a potion of degeneration {unknown}
 q - a potion of cancellation {unknown}
 r - 5 potions of lignification
 z - a potion of haste
 B - 4 potions of magic {unknown}
 D - 2 potions of enlightenment {unknown}
 N - a potion of heal wounds {unknown}
 R - 5 potions of attraction {unknown}
 U - a potion of resistance {unknown}
Miscellaneous
 Z - a lightning rod (4/4)


   Skills:
 - Level 8.0 Fighting
 * Level 16.2(16.3) Axes
 - Level 2.0(10.8) Maces & Flails
 + Level 7.1 Armour
 + Level 6.5 Dodging
 + Level 6.0 Evocations


You had 12 spell levels left.
You didn't know any spells.
Your spell library contained the following spells:

 Spells                   Type           Power      Damage    Failure   Level
 Hailstorm                Conj/Ice       0%         3d3       100%        3
 Inner Flame              Hex/Fire       0%         N/A       100%        3
 Ozocubu's Armour         Ice            0%         N/A       100%        3
 Flame Wave               Conj/Fire      0%         2d4       100%        4
 Ice Form                 Ice/Tmut       0%         N/A       100%        4
 Sticky Flame             Conj/Fire      0%         2d3       100%        4
 Simulacrum               Ice/Necr       0%         N/A       100%        6
 Ozocubu's Refrigeration  Ice            0%         4d7       100%        7


Dungeon Overview and Level Annotations

Branches:
Dungeon (13/15)            Temple (0/1) D:4            Lair (0/5) D:9
    Orc (0/2) D:9           Sewer (visited)         Ossuary (visited)
 Vaults: D:13-14

Altars:
Cheibriados
Makhleb
Wu Jian

Shops:
D:12 :

Annotations:
D:13 Jorgrun


Innate Abilities, Weirdness & Mutations

You are completely covered in thin metallic scales. (AC +4, rElec)
You sometimes gain power by taking damage.
Spells you cast may paralyse adjacent enemies.
Your touch may inflict irresistible damage on your foes.
You are agile. (Dex +4, Str/Int -1)
You have hidden genetic potential.


Message History

You slash Jorgrun!
You feel better.
Jorgrun is heavily wounded.
You barely miss the tengu conjurer. You closely miss the tengu conjurer.
The tengu conjurer mumbles some strange words.
The tengu conjurer conjures a globe of magical energy!
The tengu conjurer hits you but does no damage.
The tengu conjurer misses you. The tengu conjurer claws you.
Jorgrun closely misses you. The grasping roots constrict you.
A battlesphere comes into view.
You slash Jorgrun!
Jorgrun is heavily wounded.
The tengu conjurer blocks your attack.
You slice the tengu conjurer!!
You feel better.
You kill the tengu conjurer!
The Council accepts your kill.
The battlesphere dissipates.
The tengu conjurer closely misses you. x2
The tengu conjurer completely misses you.
You barely miss Jorgrun.
Jorgrun is heavily wounded.
You miss the tengu conjurer.
Jorgrun hits you with a +0 heavy quarterstaff!!
* * * LOW HITPOINT WARNING * * *
You focus on the pain.
You feel more agile all of a sudden. The grasping roots constrict you!
* * * LOW HITPOINT WARNING * * *
The tengu conjurer hits you but does no damage.
The tengu conjurer closely misses you.
The tengu conjurer completely misses you.
You slash Jorgrun!
You feel better.
Jorgrun is severely wounded.
You miss the tengu conjurer. The tengu conjurer hits you.
* * * LOW HITPOINT WARNING * * *
The tengu conjurer closely misses you. x2
Unknown command.
You closely miss Jorgrun.
Jorgrun is severely wounded.
You slash the tengu conjurer!
Jorgrun hits you with a +0 heavy quarterstaff!
You die...

###+######
#........#
#......."#
#........#
#........#
#..○.....#
+...Q....#
#..g@....#
#######'##
#.(# #.##
#.# #.#
###+#####
#.#
......>.#
#.#
........#
##.#


You could see Jorgrun and a tengu conjurer.

Vanquished Creatures
  Erica (D:9)
  3 centaur warriors
  4 boulder beetles
  6 two-headed ogres
  2 ugly things
  3 deep elf pyromancers
  4 cyclopes
  2 manticores
  A cane toad (shapeshifter) (D:11)
  Maggie (D:7)
  2 gargoyles
  Joseph (D:8)
  6 kobold demonologists (D:11)
  3 unseen horrors (D:12)
  A tengu conjurer (D:13)
  4 trolls
  Grinder (D:4)
  A hornet (D:9)
  Prince Ribbit (D:7)
  A vampire (D:12)
  A shadow (D:9)
  A wraith (D:11)
  2 wyverns
  11 yaks
  11 vampire mosquitoes
  Grum (D:8)
  A steam dragon (D:6)
  Menkaure (D:5)
  11 wargs (D:11)
  An acid dragon (D:11)
  2 hell hounds (D:11)
  3 water moccasins
  3 black bears (D:5)
  5 orc warriors
  An ogre (D:5)
  4 wolves (D:8)
  4 centaurs
  3 phantoms
  The ghost of porpoise the Shooter, an amateur TeHu (D:6)
  11 kobold brigands
  4 bullfrogs
  5 gnoll sergeants
  6 wights
  4 electric eels (D:7)
  14 howler monkeys
  6 hounds
  9 orc priests
  3 jellies
  5 gnoll boudas (D:11)
  Crazy Yiuf (D:5)
  5 iguanas
  2 sleepcaps
  Ijyb (D:5)
  8 orc wizards
  6 ogre zombies (D:9)
  3 mummies (Ossuary)
  10 gnolls
  A river rat (D:3)
  7 adders
  A shadow imp (D:7)
  2 white imps
  An ufetubus (D:5)
  An adder zombie (Ossuary)
  5 worms
  A dart slug (D:3)
  22 orcs
  11 ball pythons
  3 endoplasms
  7 giant cockroaches
  4 goblins
  4 hobgoblins (D:1)
  4 jackals
  4 quokkas
  4 bats
  A frilled lizard (D:1)
  A goblin skeleton (D:9)
  5 goblin zombies
  2 hobgoblin skeletons (D:9)
  8 hobgoblin zombies
  45 kobolds
  3 kobold zombies (Ossuary)
  3 orc skeletons (D:9)
  8 orc zombies (D:9)
  2 quokka zombies (Ossuary)
  5 rats
  4 rat zombies (Ossuary)
387 creatures vanquished.

Vanquished Creatures (others)
  A warg (D:11)
  A white imp (D:7)
  An orc (D:7)
3 creatures vanquished.

Grand Total: 390 creatures vanquished

Notes
Turn   | Place    | Note
-------+----------+-------------------------------------------
     0 | D:1      | innerfire43 the Demonspawn Monk began the quest for the
                  | Orb.
     0 | D:1      | Reached XP level 1. HP: 18/18 MP: 1/1
   121 | D:1      | Found a faded altar of an unknown god.
   125 | D:1      | Prayed at the altar of an unknown god.
   125 | D:1      | Became a worshipper of the Wu Jian Council
   125 | D:1      | Reached * piety under Wu Jian
   125 | D:1      | Reached ** piety under Wu Jian
   164 | D:1      | Gained mutation: You are partially covered in thin metallic
                  | scales. (AC +2) [demonic ancestry]
   164 | D:1      | Reached XP level 2. HP: 24/24 MP: 2/2
   201 | D:1      | Reached skill level 3 in Axes
   210 | D:1      | Reached *** piety under Wu Jian
   635 | D:1      | Gained mutation: You sometimes gain a little power by
                  | taking damage. [demonic ancestry]
   635 | D:1      | Reached XP level 3. HP: 29/29 MP: 3/3
  1864 | D:3      | Gained mutation: You sometimes gain power by taking damage.
                  | [demonic ancestry]
  1864 | D:3      | Reached XP level 4. HP: 35/35 MP: 4/4
  1934 | D:3      | Reached skill level 1 in Armour
  2443 | D:3      | Found a glowing drain.
  2468 | Sewer    | Entered a sewer
  2486 | Sewer    | Reached **** piety under Wu Jian
  2487 | Sewer    | Reached skill level 4 in Axes
  2487 | Sewer    | Gained mutation: Your touch may inflict minor irresistible
                  | damage on your foes. [demonic ancestry]
  2487 | Sewer    | Reached XP level 5. HP: 42/42 MP: 5/5
  2511 | Sewer    | Noticed a water moccasin
  2524 | Sewer    | Killed a water moccasin
  2877 | D:4      | Reached XP level 6. HP: 46/48 MP: 6/6
  2938 | D:4      | Found a staircase to the Ecumenical Temple.
  3361 | D:4      | Noticed Grinder
  3367 | D:4      | Paralysed by Grinder for 3 turns
  3373 | D:4      | Killed Grinder
  3374 | D:4      | Reached skill level 1 in Maces & Flails
  3374 | D:4      | Gained mutation: Your touch may inflict irresistible damage
                  | on your foes. [demonic ancestry]
  3374 | D:4      | Reached XP level 7. HP: 34/55 MP: 7/7
  3842 | D:4      | Identified 2 scrolls of acquirement
  3842 | D:4      | Acquired the +1 pair of boots of Minor Irritation {rElec}
  3843 | D:4      | Acquired the +10 battleaxe of Fixation {vamp, rC- Int+8
                  | Dex+5}
  3857 | D:5      | Entered Level 5 of the Dungeon
  3931 | D:5      | Reached skill level 5 in Axes
  3960 | D:5      | Found a runed translucent door.
  3961 | D:5      | Noticed Crazy Yiuf
  3963 | D:5      | Noticed Ijyb
  4054 | D:5      | Reached skill level 5 in Fighting
  4095 | D:5      | Gained mutation: Spells you cast may paralyse adjacent
                  | enemies. [demonic ancestry]
  4095 | D:5      | Reached XP level 8. HP: 59/62 MP: 8/8
  4313 | D:5      | Reached skill level 6 in Axes
  4377 | D:5      | Noticed Menkaure
  4383 | D:5      | Killed Menkaure
  4643 | D:5      | Killed Ijyb
  4644 | D:5      | Killed Crazy Yiuf
  4873 | D:6      | Reached skill level 7 in Axes
  4950 | D:6      | Found a runed translucent door.
  4950 | D:6      | Noticed porpoise's ghost (amateur TeHu)
  5001 | D:6      | Killed porpoise's ghost
  5112 | D:6      | Reached skill level 8 in Axes
  5189 | D:6      | Found a sand-covered staircase.
  5193 | Ossuary  | Entered an ossuary
  5198 | Ossuary  | Gained mutation: You are mostly covered in thin metallic
                  | scales. (AC +3) [demonic ancestry]
  5198 | Ossuary  | Reached XP level 9. HP: 71/71 MP: 9/9
  5498 | D:7      | Noticed Prince Ribbit
  5505 | D:7      | Reached ***** piety under Wu Jian
  5518 | D:7      | Killed Prince Ribbit
  5595 | D:7      | Reached skill level 9 in Axes
  5826 | D:7      | Noticed Maggie
  5835 | D:7      | Killed Maggie
  6033 | D:7      | Reached skill level 10 in Axes
  6435 | D:8      | Noticed Joseph
  6444 | D:8      | Killed Joseph
  6445 | D:8      | Reached XP level 10. HP: 80/80 MP: 10/10
  6560 | D:8      | Noticed Grum
  6576 | D:8      | Killed Grum
  6577 | D:8      | Reached skill level 11 in Axes
  7205 | D:9      | Noticed Erica
  7218 | D:9      | Killed Erica
  7219 | D:9      | Reached skill level 12 in Axes
  7227 | D:9      | Found a staircase to the Lair.
  7230 | D:9      | Paralysed by a hornet for 2 turns
  7430 | D:9      | Found a large runed translucent door.
  7437 | D:9      | Found a large runed translucent door.
  7568 | D:9      | Found a staircase to the Orcish Mines.
  7582 | D:9      | Reached skill level 13 in Axes
  7883 | D:9      | Noticed a two-headed ogre
  7889 | D:9      | Killed a two-headed ogre
  7890 | D:9      | Reached XP level 11. HP: 81/86 MP: 11/11
  8134 | D:9      | Found a burning altar of Makhleb.
  8140 | D:9      | Found a snail-covered altar of Cheibriados.
  8164 | D:10     | Entered Level 10 of the Dungeon
  8203 | D:10     | Noticed a deep elf pyromancer
  8211 | D:10     | Killed a deep elf pyromancer
  8227 | D:10     | Reached ****** piety under Wu Jian
  8361 | D:10     | Noticed a two-headed ogre
  8368 | D:10     | Killed a two-headed ogre
  8369 | D:10     | Reached skill level 14 in Axes
  8875 | D:11     | Noticed a sixfirhy
  8877 | D:11     | Noticed a soul eater
  8884 | D:11     | Noticed a boulder beetle
  8899 | D:11     | Killed a boulder beetle
  8900 | D:11     | Reached skill level 1 in Evocations
  9025 | D:11     | Acquired 255 gold pieces
  9053 | D:11     | Noticed a boulder beetle
  9067 | D:11     | Killed a boulder beetle
  9114 | D:11     | Noticed a boulder beetle
  9121 | D:11     | Killed a boulder beetle
  9122 | D:11     | Reached skill level 5 in Armour
  9122 | D:11     | Noticed a cyan ugly thing
  9130 | D:11     | Killed a cyan ugly thing
  9279 | D:11     | Noticed a deep elf pyromancer
  9304 | D:11     | Killed a deep elf pyromancer
  9305 | D:11     | Reached skill level 15 in Axes
  9305 | D:11     | Reached XP level 12. HP: 74/92 MP: 12/12
  9379 | D:11     | Gained mutation: You have hidden genetic potential. [a
                  | neqoxec]
  9383 | D:11     | Noticed a two-headed ogre
  9388 | D:11     | Killed a two-headed ogre
  9419 | D:11     | Noticed a two-headed ogre
  9426 | D:11     | Killed a two-headed ogre
  9499 | D:11     | Reached skill level 5 in Dodging
  9884 | D:11     | Identified the +6 leather armour of Lyempere {rPois rCorr
                  | Str-3 Int+6}
 10124 | D:12     | Noticed a two-headed ogre
 10130 | D:12     | Killed a two-headed ogre
 10208 | D:12     | Reached skill level 5 in Evocations
 10277 | D:12     | Noticed a centaur warrior
 10289 | D:12     | Killed a centaur warrior
 10385 | D:12     | Noticed a centaur warrior
 10394 | D:12     | Killed a centaur warrior
 10487 | D:12     | Found Huotuy's Self-Improvement Boutique.
 10600 | D:12     | Noticed a boulder beetle
 10610 | D:12     | Killed a boulder beetle
 10611 | D:12     | Reached skill level 16 in Axes
 10847 | D:13     | Noticed a two-headed ogre
 10851 | D:13     | Killed a two-headed ogre
 10852 | D:13     | Gained mutation: You are completely covered in thin
                  | metallic scales. (AC +4, rElec) [demonic ancestry]
 10852 | D:13     | Reached XP level 13. HP: 98/98 MP: 13/13
 10898 | D:13     | Gained mutation: You are agile. (Dex +4, Str/Int -1)
                  | [hidden potential]
 11022 | D:13     | Noticed Jorgrun
 11036 | D:13     | Slain by Jorgrun

Illustrated notes

Levels and vault maps discovered:
D:1:      dpeg_arrival_windows_large_door, layout_basic, serial_glass,
          glass_columns_a, glass_columns_b, nicolae_ecumenical_lake_church
D:2:      layout_loops_cross, nicolae_figureground_sparkle
D:3:      layout_loops_cross, portal_sewer_entry_e,
          chequers_serial_rivers_micro_e
D:4:      layout_basic, minmay_temple_entry_statues_pillars, uniq_grinder
D:5:      layout_loops_cross, chequers_serial_rivers_room_b,
          lightli_corner_chamber, uniq_crazy_yiuf_cottage, uniq_menkaure,
          uniq_ijyb
D:6:      layout_basic, gammafunk_ghost_grave, enter_ossuary_5
D:7:      nicolae_cairo_tiling_large, layout_basic, serial_bayou,
          serial_bayou_lagoon_b, serial_bayou_shore_a, serial_bayou_shore_b,
          serial_bayou_pond_c, kennysheep_generic_room_3, uniq_maggie,
          uniq_prince_ribbit1
D:8:      layout_cave_pods, serial_column_ruins, column_ruins_grid_1,
          column_ruins_open_medium, column_ruins_corridor_straight,
          column_ruins_grid_1, column_ruins_grid_4, column_ruins_corridor_plus,
          uniq_joseph, uniq_grum
D:9:      layout_irregular_city, jmf_multi_god_temple2, lair_entry_dummy,
          zombieorc1_lemuel, chequers_jeans, nicolae_letterblocks
          [nicolae_letter_subblock, nicolae_letter_subblock,
          nicolae_letter_subblock, nicolae_letter_subblock,
          nicolae_letter_subblock, nicolae_letter_subblock,
          nicolae_letter_subblock, nicolae_letter_subblock,
          nicolae_letter_subblock, nicolae_letter_subblock,
          nicolae_letter_subblock, nicolae_letter_subblock,
          nicolae_letter_subblock, nicolae_letter_subblock,
          nicolae_letter_subblock, nicolae_letter_subblock,
          nicolae_letter_subblock, nicolae_letter_subblock,
          nicolae_letter_subblock, nicolae_letter_subblock,
          nicolae_letter_subblock, nicolae_letter_subblock,
          nicolae_letter_subblock, nicolae_letter_subblock,
          nicolae_letter_subblock], uniq_erica
D:10:     layout_loops_cross, lemuel_tele_altar
D:11:     lemuel_castle_with_subvaults [lemuel_castle_interior_carwin_2],
          layout_irregular_city, nicolae_benzene_ring
D:12:     layout_loops_ring, nicolae_shop_self_help
D:13:     layout_roguey, david_vaults_4, uniq_jorgrun

Skill      XL: |  1  2  3  4  5  6  7  8  9 10 11 12 13 |
---------------+----------------------------------------+-----
Axes           | 3 4 5 8 10 13 15 16 | 16.2
Dodging        | 3 4 6 |  6.5
Armour         | 1 2 3 4 5 6 7 |  7.1
Fighting       | 4 5 6 8 |  8.0
Maces & Flails | 1 2 |  2.0
Evocations     | 3 5 6 |  6.0

Action                     |  1- 3 |  4- 6 |  7- 9 | 10-12 | 13-15 || total
---------------------------+-------+-------+-------+-------+-------++-------
  Melee: Hand axe          |   102 |   144 |       |       |       ||   246
         Whip              |       |    13 |     3 |       |       ||    16
         Battleaxe         |       |       |   241 |   567 |    61 ||   869
Ability: Lunge             |     9 |    11 |    16 |    27 |     4 ||    67
         Whirlwind         |       |       |     3 |    13 |       ||    16
    Use: Scroll            |       |     9 |     7 |     3 |       ||    19
         Potion            |       |       |       |       |     3 ||     3
 Armour: Robe              |    19 |       |       |       |       ||    19
         Chain mail        |    18 |   109 |   136 |   314 |    59 ||   636
  Dodge: Dodged            |    46 |    56 |   149 |   412 |    56 ||   719

Table legend: (Time is in decaauts)
 A = Elapsed time spent in this place.
 B = Non-inter-level travel time spent in this place.
 C = Inter-level travel time spent in this place.
 D = Time resting spent in this place.
 E = Time spent auto-exploring this place.
 F = Levels seen in this place.
 G = Mean time per level.
                   A        B        C        D        E       F      G
               +--------+--------+--------+--------+--------+-----+--------+
         Total |  11210 |  10558 |    652 |      0 |   8148 |  15 |  747.3 |
       Dungeon |  10905 |  10253 |    652 |      0 |   7971 |  13 |  838.8 |
         Sewer |    166 |    166 |      0 |      0 |    111 |   1 |  166.0 |
       Ossuary |    137 |    137 |      0 |      0 |     65 |   1 |  137.0 |
               +--------+--------+--------+--------+--------+-----+--------+

Top non-repeatable levels by time:
    D:11: 1250 daAuts
     D:1: 1038 daAuts
     D:4: 1029 daAuts
     D:9: 995 daAuts
     D:7: 964 daAuts
     D:5: 944 daAuts
     D:3: 849 daAuts
     D:8: 829 daAuts
     D:2: 811 daAuts
    D:10: 707 daAuts
    D:12: 675 daAuts
     D:6: 588 daAuts
    D:13: 223 daAuts
   Sewer: 166 daAuts
 Ossuary: 137 daAuts
